TAMPA BAY vs MONTREAL

Created - June 28, 2021 at 12:20

Goals
1 2 3 T
TAMPA BAY 0 1 0 1
MONTREAL 0 3 1 4
Shots
1 2 3 T
TAMPA BAY 8 4 9 21
MONTREAL 8 15 6 29

1st period

No Goal

Penalties :
Viktor Arvidsson (TB ) for Hooking (Minor) at 3:56, John Klingberg (TB ) for Hooking (Minor) at 15:59, Tomas Tatar (TB ) for Cross-checking (Minor) at 19:28

2nd period

1. TAMPA BAY , Sebastian Aho 4 (Elias Lindholm 7, Filip Forsberg 2) at 6:38
2. MONTREAL , Nathan MacKinnon 3 (Connor Murphy 4, P.K. Subban 8) at 9:48
3. MONTREAL , Max Pacioretty 3 (Connor Murphy 5, Vincent Trocheck 1) at 12:51
4. MONTREAL , Corey Perry 1 (Nathan MacKinnon 6, Keith Yandle 5) at 18:07

Penalties :
No Penalty

3rd period

5. MONTREAL , Nathan MacKinnon 4 (Vincent Trocheck 2, Connor Murphy 6) at 10:15

Penalties :
MacKenzie Weegar (TB ) for Checking from behind (Major) at 13:48, Corey Perry (MON) for Roughing (Minor) at 17:12

Goalie Stats

Mike Smith (TB ), 25 saves from 29 shots - (0.862), L, 3-3-0, 60:00 minutes
Robin Lehner (MON), 20 saves from 21 shots - (0.952), W, 3-2-1, 60:00 minutes

Players Stats for TAMPA BAY

Player Name              G  A  P  +/- PIM S  H  SB GA TA FO     MP     PP MP  PK MP  
------------------------------------------------------------------------------------
Elias Lindholm           0  1  1   1  0   4  0  0  0  0  14/24  19:52   0:00   4:01 
Filip Chytil             0  0  0  -2  0   1  0  0  0  0  5/17   13:34   0:00   0:00 
Filip Forsberg           0  1  1   1  0   1  1  0  0  0  0/0    17:19   0:00   2:45 
Jake Virtanen            0  0  0  -2  0   0  0  0  0  0  1/1     6:59   0:00   0:00 
Jakob Silfverberg        0  0  0   0  0   0  2  0  0  0  1/1    18:57   0:24   4:51 
Jesper Bratt             0  0  0  -2  0   3  1  0  0  0  0/0    13:34   0:00   0:00 
John Klingberg           0  0  0  -2  2   0  4  1  0  0  0/0    21:37   0:24   3:46 
MacKenzie Weegar         0  0  0   1  5   0  4  1  0  0  0/0    18:31   0:00   1:38 
Mathew Barzal            0  0  0   0  0   1  0  0  0  0  4/13   16:38   0:24   2:23 
Nick Leddy               0  0  0  -2  0   2  1  1  0  0  0/0    19:27   0:00   3:34 
Rasmus Andersson         0  0  0  -2  0   0  2  3  0  0  0/0    17:58   0:00   2:05 
Robby Fabbri             0  0  0  -2  0   1  0  0  0  0  4/11    9:56   0:00   2:57 
Sebastian Aho            1  0  1   1  0   3  0  1  0  0  1/3    15:51   0:00   0:00 
Tomas Tatar              0  0  0   0  2   2  3  0  0  0  0/1    14:05   0:24   0:00 
Viktor Arvidsson         0  0  0  -2  2   0  3  0  0  0  0/1    13:33   0:00   0:00 
Vladislav Gavrikov       0  0  0   1  0   1  2  0  0  0  0/0    19:38   0:00   2:44 
Wayne Simmonds           0  0  0  -2  0   1  0  0  0  0  0/2     8:44   0:00   1:45 
Zach Werenski            0  0  0  -2  0   1  1  1  0  0  0/0    22:47   0:24   4:55 

Players Stats for MONTREAL

Player Name              G  A  P  +/- PIM S  H  SB GA TA FO     MP     PP MP  PK MP  
------------------------------------------------------------------------------------
Adam Larsson             0  0  0   1  0   0  0  0  0  0  0/0    18:10   1:29   0:24 
Alex Iafallo             0  0  0   0  0   1  0  1  0  0  0/0    19:49   3:48   0:00 
Brock McGinn             0  0  0   0  0   0  0  0  0  0  0/0     0:56   0:15   0:24 
Connor Murphy            0  3  3   2  0   1  0  0  0  0  0/0    23:26   3:48   0:00 
Corey Perry              1  0  1   2  2   1  1  0  0  0  0/0     3:59   0:14   0:00 
Joel Armia               0  0  0   0  0   0  3  0  0  0  0/0    14:48   0:00   0:00 
Keith Yandle             0  1  1   1  0   0  1  0  0  0  0/0    21:20   4:23   0:00 
Mark Jankowski           0  0  0   0  0   1  0  0  0  0  8/13   14:48   0:00   0:00 
Max Pacioretty           1  0  1   1  0   2  2  0  0  0  1/1    20:02   5:18   0:00 
Michael Grabner          0  0  0   0  0   1  0  0  0  0  1/1    15:28   0:00   0:00 
Nathan Beaulieu          0  0  0   0  0   0  2  0  0  0  0/0    13:49   0:00   0:24 
Nathan MacKinnon         2  1  3   3  0   6  0  0  0  0  20/37  24:04   5:18   0:00 
Nino Niederreiter        0  0  0   0  0   2  1  0  0  0  0/1    16:16   0:15   0:00 
P.K. Subban              0  1  1   2  0   2  0  1  0  0  0/0    24:31   4:38   0:00 
Phillip Danault          0  0  0   0  0   6  0  0  0  0  12/18  20:13   3:48   0:24 
Roope Hintz              0  0  0   2  0   1  2  0  0  0  1/1     7:33   3:48   0:00 
Tony DeAngelo            0  0  0   0  0   2  2  1  0  0  0/0    18:44   4:24   0:00 
Vincent Trocheck         0  2  2   1  0   3  1  0  0  0  1/2    20:04   5:18   0:00 

3 Stars

1 - Nathan MacKinnon (MON)
2 - Connor Murphy (MON)
3 - Max Pacioretty (MON)

Power Play

TAMPA BAY - 0 on 1 Attempt(s) - 0.00%
MONTREAL - 0 on 4 Attempt(s) - 0.00%

Penalty Kill

TAMPA BAY - 4 on 4 Attempt(s) - 100.00% - Score 0 goal in Penalty Kill
MONTREAL - 1 on 1 Attempt(s) - 100.00% - Score 0 goal in Penalty Kill

Team Stat

TAMPA BAY - Hits : 24 - Faceoff Wins : 30 - Blocked Shots : 8 - Penalty Minutes : 11
MONTREAL - Hits : 15 - Faceoff Wins : 44 - Blocked Shots : 3 - Penalty Minutes : 2

Official

Referees : Kenny Prato and Justin St. Pierre
Linesman : Scott Madl and Dennis Urban

Game Notes

No Game Note

Finance

Level 1 -- Attendance: 5329 (88.82%) -- Ticket Income $532,900
Level 2 -- Attendance: 4276 (85.52%) -- Ticket Income $256,560
Level 3 -- Attendance: 2000 (100.00%) -- Ticket Income $70,000
Level 4 -- Attendance: 4000 (100.00%) -- Ticket Income $80,000
Luxury Box -- Attendance: 803 (80.30%) -- Ticket Income $160,600
Game was played at the Bell Centre.
Total Attendance: 16408 (91.16%)
Total Ticket Income: $1,100,060
Total Income: $1,100,060

TAMPA BAY

5 vs 5 Forward 
   Center                   Left Wing                Right Wing               Time % Phy DF OF 
 1 Elias Lindholm           Sebastian Aho            Filip Forsberg           30     1   2  2  
 2 Mathew Barzal            Tomas Tatar              Jakob Silfverberg        28     1   2  2  
 3 Filip Chytil             Jesper Bratt             Viktor Arvidsson         26     1   2  2  
 4 Robby Fabbri             Wayne Simmonds           Jake Virtanen            16     1   2  2  

5 vs 5 Defense 
   Defense                  Defense                                           Time % Phy DF OF 
 1 Zach Werenski            John Klingberg                                    35     1   2  2  
 2 Rasmus Andersson         Nick Leddy                                        33     1   2  2  
 3 MacKenzie Weegar         Vladislav Gavrikov                                32     1   2  2  
 4 MacKenzie Weegar         Vladislav Gavrikov                                0      1   2  2  

PowerPlay Forward 
   Center                   Left Wing                Right Wing               Time % Phy DF OF 
 1 Elias Lindholm           Sebastian Aho            Filip Forsberg           60     1   1  3  
 2 Mathew Barzal            Tomas Tatar              Jakob Silfverberg        40     1   1  3  

PowerPlay Defense
   Defense                  Defense                                           Time % Phy DF OF 
 1 Zach Werenski            John Klingberg                                    60     1   2  2  
 2 Nick Leddy               MacKenzie Weegar                                  40     1   2  2  

Penalty Kill 4 Players Forward 
   Center                   Wing                     Time % Phy DF OF 
 1 Elias Lindholm           Jakob Silfverberg        60     1   3  1  
 2 Mathew Barzal            Filip Forsberg           40     1   3  1  

Penalty Kill 4 Players Defense
   Defense                  Defense                  Time % Phy DF OF 
 1 Zach Werenski            John Klingberg           60     1   3  1  
 2 Nick Leddy               Vladislav Gavrikov       40     1   3  1  

Penalty Kill - 3 Players Forward 
   Forward                                           Time % Phy DF OF 
 1 Sebastian Aho                                     60     1   3  1  
 2 Elias Lindholm                                    40     1   3  1  

Penalty Kill - 3 Players Defense
   Defense                  Defense                  Time % Phy DF OF 
 1 Zach Werenski            John Klingberg           60     1   3  1  
 2 Nick Leddy               Vladislav Gavrikov       40     1   3  1  

4 vs 4 Forward 
   Center                   Wing                     Time % Phy DF OF 
 1 Sebastian Aho            Elias Lindholm           60     1   2  2  
 2 Mathew Barzal            Filip Forsberg           40     1   2  2  

4 vs 4 Defense
   Defense                  Defense                  Time % Phy DF OF 
 1 Zach Werenski            John Klingberg           60     1   2  2  
 2 Rasmus Andersson         Nick Leddy               40     1   2  2  

Last Minutes Offensive
   Center                   Left Wing                Right Wing               Defense                  Defense                  
   Elias Lindholm           Sebastian Aho            Mathew Barzal            Zach Werenski            John Klingberg           

Last Minutes Defensive
   Center                   Left Wing                Right Wing               Defense                  Defense                  
   Elias Lindholm           Sebastian Aho            Mathew Barzal            Zach Werenski            John Klingberg           

Goaltenders
Starting : Mike Smith               
Backup : Anders Nilsson           

Extra Forwards
Normal : Tomas Tatar, Viktor Arvidsson, Jesper Bratt - PP : Viktor Arvidsson, Jake Virtanen - PK : Filip Forsberg
Extra Defensemen
Normal : MacKenzie Weegar, Vladislav Gavrikov, Nick Leddy - PP : Rasmus Andersson - PK : Rasmus Andersson, MacKenzie Weegar
Penalty Shots
Sebastian Aho, Elias Lindholm, Mathew Barzal, Filip Forsberg, Viktor Arvidsson

Scratches
Tyson Jost (Healthy), TB Cap Hit (Healthy), Casey DeSmith (Healthy)

MONTREAL

5 vs 5 Forward 
   Center                   Left Wing                Right Wing               Time % Phy DF OF 
 1 Phillip Danault          Nino Niederreiter        Alex Iafallo             34     0   2  3  
 2 Nathan MacKinnon         Max Pacioretty           Vincent Trocheck         34     0   2  3  
 3 Mark Jankowski           Michael Grabner          Joel Armia               23     1   3  1  
 4 Nathan MacKinnon         Roope Hintz              Corey Perry              9      1   2  2  

5 vs 5 Defense 
   Defense                  Defense                                           Time % Phy DF OF 
 1 P.K. Subban              Connor Murphy                                     35     1   2  2  
 2 Keith Yandle             Adam Larsson                                      30     1   2  2  
 3 Tony DeAngelo            Nathan Beaulieu                                   25     1   2  2  
 4 P.K. Subban              Connor Murphy                                     10     1   2  2  

PowerPlay Forward 
   Center                   Left Wing                Right Wing               Time % Phy DF OF 
 1 Nathan MacKinnon         Max Pacioretty           Vincent Trocheck         60     0   1  4  
 2 Phillip Danault          Roope Hintz              Alex Iafallo             40     0   1  4  

PowerPlay Defense
   Defense                  Defense                                           Time % Phy DF OF 
 1 P.K. Subban              Tony DeAngelo                                     60     0   1  4  
 2 Keith Yandle             Connor Murphy                                     40     0   1  4  

Penalty Kill 4 Players Forward 
   Center                   Wing                     Time % Phy DF OF 
 1 Phillip Danault          Brock McGinn             60     1   3  1  
 2 Mark Jankowski           Joel Armia               40     1   3  1  

Penalty Kill 4 Players Defense
   Defense                  Defense                  Time % Phy DF OF 
 1 P.K. Subban              Connor Murphy            60     1   3  1  
 2 Adam Larsson             Nathan Beaulieu          40     1   3  1  

Penalty Kill - 3 Players Forward 
   Forward                                           Time % Phy DF OF 
 1 Phillip Danault                                   60     0   4  1  
 2 Vincent Trocheck                                  40     0   4  1  

Penalty Kill - 3 Players Defense
   Defense                  Defense                  Time % Phy DF OF 
 1 P.K. Subban              Connor Murphy            60     0   5  0  
 2 Adam Larsson             Nathan Beaulieu          40     0   5  0  

4 vs 4 Forward 
   Center                   Wing                     Time % Phy DF OF 
 1 Nathan MacKinnon         Max Pacioretty           60     0   1  4  
 2 Vincent Trocheck         Michael Grabner          40     0   2  3  

4 vs 4 Defense
   Defense                  Defense                  Time % Phy DF OF 
 1 P.K. Subban              Tony DeAngelo            60     1   2  2  
 2 Keith Yandle             Connor Murphy            40     1   2  2  

Last Minutes Offensive
   Center                   Left Wing                Right Wing               Defense                  Defense                  
   Nathan MacKinnon         Max Pacioretty           Vincent Trocheck         Tony DeAngelo            P.K. Subban              

Last Minutes Defensive
   Center                   Left Wing                Right Wing               Defense                  Defense                  
   Phillip Danault          Michael Grabner          Vincent Trocheck         P.K. Subban              Connor Murphy            

Goaltenders
Starting : Robin Lehner             
Backup : Anton Khudobin           

Extra Forwards
Normal : Nathan MacKinnon, Vincent Trocheck, Max Pacioretty - PP : Nino Niederreiter, Nathan MacKinnon - PK : Brock McGinn
Extra Defensemen
Normal : Tony DeAngelo, Nathan Beaulieu, Adam Larsson - PP : Tony DeAngelo - PK : Nathan Beaulieu, Adam Larsson
Penalty Shots
Nathan MacKinnon, Max Pacioretty, Vincent Trocheck, Roope Hintz, Nino Niederreiter

Scratches
MTL Cap Hit (Suspend), Jacob de La Rose (Healthy), Sonny Milano (Healthy)

% Time on Ice - TAMPA BAY

Lines # - Real PCT - Wanted PCT - Time Play
Normal Forward
1 - 30% - 30% - 14:25
2 - 28% - 28% - 13:42
3 - 28% - 26% - 13:34
4 - 14% - 16% - 6:59
Normal Defense
1 - 34% - 35% - 16:41
2 - 31% - 33% - 15:05
3 - 35% - 32% - 16:54
4 - 0% - 0% - 0:00
PP Forward
1 - 0% - 60% - 0:00
2 - 100% - 40% - 0:24
PP Defense
1 - 100% - 60% - 0:24
2 - 0% - 40% - 0:00
PK Forward
1 - 75% - 60% - 6:58
2 - 25% - 40% - 2:23
PK Defense
1 - 69% - 60% - 6:25
2 - 31% - 40% - 2:56
PK3 Forward
1 - 0% - 60%
2 - 0% - 40%
PK3 Defense
1 - 0% - 60%
2 - 0% - 40%
44 Forward
1 - 91% - 60% - 1:26
2 - 9% - 40% - 0:09
44 Defense
1 - 49% - 60% - 0:47
2 - 51% - 40% - 0:48
Last Minute Offensive  - 0:00
Last Minute Defensive  - 0:00
Total
Forward - 60:00
Defense - 60:00

% Time on Ice - MONTREAL

Lines # - Real PCT - Wanted PCT - Time Play
Normal Forward
1 - 33% - 34% - 16:01
2 - 29% - 34% - 14:06
3 - 30% - 23% - 14:48
4 - 8% - 9% - 3:45
Normal Defense
1 - 34% - 35% - 16:28
2 - 33% - 30% - 16:17
3 - 28% - 25% - 13:25
4 - 5% - 10% - 2:30
PP Forward
1 - 59% - 60% - 5:33
2 - 41% - 40% - 3:48
PP Defense
1 - 52% - 60% - 4:53
2 - 48% - 40% - 4:28
PK Forward
1 - 100% - 60% - 0:24
2 - 0% - 40% - 0:00
PK Defense
1 - 0% - 60% - 0:00
2 - 100% - 40% - 0:24
PK3 Forward
1 - 0% - 60%
2 - 0% - 40%
PK3 Defense
1 - 0% - 60%
2 - 0% - 40%
44 Forward
1 - 58% - 60% - 0:55
2 - 42% - 40% - 0:40
44 Defense
1 - 58% - 60% - 0:55
2 - 42% - 40% - 0:40
Last Minute Offensive  - 0:00
Last Minute Defensive  - 0:00
Total
Forward - 60:00
Defense - 60:00

Play-by-Play

1st period


0:01 of 1st period - Phillip Danault wins face-off versus Sebastian Aho in neutral zone.
0:24 of 1st period - Shot by P.K. Subban.
0:24 of 1st period - Shot Blocked by Sebastian Aho.
1:20 of 1st period - Shot by Mathew Barzal.
1:20 of 1st period - Shot Misses the Net.
1:38 of 1st period - Shot by Viktor Arvidsson.
1:38 of 1st period - Deflect By Filip Chytil.
1:38 of 1st period - Stopped by Robin Lehner with a rebound.
2:00 of 1st period - Shot by Viktor Arvidsson.
2:00 of 1st period - Shot Misses the Net.
2:02 of 1st period - Shot by Vladislav Gavrikov.
2:02 of 1st period - Stopped by Robin Lehner without a rebound.
2:03 of 1st period - Mark Jankowski wins face-off versus Robby Fabbri in MONTREAL zone.
3:09 of 1st period - Alex Iafallo is hit by Rasmus Andersson and loses puck.
3:36 of 1st period - Nino Niederreiter is hit by Rasmus Andersson and loses puck.
3:56 of 1st period - Minor Penalty to Viktor Arvidsson for Hooking.
3:57 of 1st period - Nathan MacKinnon wins face-off versus Robby Fabbri in TAMPA BAY zone.
5:25 of 1st period - Filip Forsberg is hit by Vincent Trocheck and loses puck.
5:36 of 1st period - Shot by Max Pacioretty.
5:36 of 1st period - Shot Misses the Net.
6:21 of 1st period - Shot by Jesper Bratt.
6:21 of 1st period - Stopped by Robin Lehner without a rebound.
6:22 of 1st period - Robby Fabbri wins face-off versus Nathan MacKinnon in MONTREAL zone.
6:37 of 1st period - Shot by P.K. Subban.
6:37 of 1st period - Stopped by Mike Smith without a rebound.
6:38 of 1st period - Mark Jankowski wins face-off versus Filip Chytil in TAMPA BAY zone.
6:38 of 1st period - Adam Larsson is hit by John Klingberg and loses puck.
6:48 of 1st period - Mark Jankowski is hit by Zach Werenski and loses puck.
8:39 of 1st period - Icing by Wayne Simmonds.
8:40 of 1st period - Nathan MacKinnon wins face-off versus Robby Fabbri in TAMPA BAY zone.
8:49 of 1st period - Shot by Nathan MacKinnon.
8:49 of 1st period - Deflect By Roope Hintz.
8:49 of 1st period - Shot Hit the Post.
8:54 of 1st period - Icing by Jake Virtanen.
8:55 of 1st period - Robby Fabbri wins face-off versus Nathan MacKinnon in TAMPA BAY zone.
9:40 of 1st period - Shot by Sebastian Aho.
9:40 of 1st period - Shot Misses the Net.
9:58 of 1st period - Shot by Filip Forsberg.
9:58 of 1st period - Shot Blocked by P.K. Subban.
10:00 of 1st period - Shot by Elias Lindholm.
10:00 of 1st period - Stopped by Robin Lehner without a rebound.
10:01 of 1st period - Phillip Danault wins face-off versus Filip Chytil in MONTREAL zone.
10:16 of 1st period - Shot by Jesper Bratt.
10:16 of 1st period - Shot Misses the Net.
10:18 of 1st period - Shot by Rasmus Andersson.
10:18 of 1st period - Shot Blocked by Alex Iafallo.
10:20 of 1st period - Shot by Jesper Bratt.
10:20 of 1st period - Shot Misses the Net.
11:11 of 1st period - Shot by Mark Jankowski.
11:11 of 1st period - Shot Misses the Net.
11:13 of 1st period - Shot by Michael Grabner.
11:13 of 1st period - Stopped by Mike Smith with a rebound.
11:15 of 1st period - Shot by Mark Jankowski.
11:15 of 1st period - Stopped by Mike Smith without a rebound.
11:16 of 1st period - Nathan MacKinnon wins face-off versus Elias Lindholm in TAMPA BAY zone.
11:16 of 1st period - Tony DeAngelo is hit by John Klingberg and loses puck.
11:31 of 1st period - Shot by Roope Hintz.
11:31 of 1st period - Shot Misses the Net.
11:46 of 1st period - Shot by Nathan MacKinnon.
11:46 of 1st period - Deflect By Roope Hintz.
11:46 of 1st period - Stopped by Mike Smith without a rebound.
11:47 of 1st period - Mark Jankowski wins face-off versus Filip Chytil in TAMPA BAY zone.
13:33 of 1st period - Shot by Sebastian Aho.
13:33 of 1st period - Stopped by Robin Lehner with a rebound.
13:35 of 1st period - Shot by Elias Lindholm.
13:35 of 1st period - Shot Misses the Net.
13:41 of 1st period - Shot by Elias Lindholm.
13:41 of 1st period - Stopped by Robin Lehner without a rebound.
13:42 of 1st period - Nathan MacKinnon wins face-off versus Wayne Simmonds in MONTREAL zone.
13:49 of 1st period - Shot by Wayne Simmonds.
13:49 of 1st period - Stopped by Robin Lehner without a rebound.
13:50 of 1st period - Vincent Trocheck wins face-off versus Filip Chytil in MONTREAL zone.
14:01 of 1st period - Shot by Nathan MacKinnon.
14:01 of 1st period - Stopped by Mike Smith without a rebound.
14:02 of 1st period - Elias Lindholm wins face-off versus Mark Jankowski in TAMPA BAY zone.
14:20 of 1st period - Shot by Elias Lindholm.
14:20 of 1st period - Stopped by Robin Lehner without a rebound.
14:21 of 1st period - Nathan MacKinnon wins face-off versus Mathew Barzal in MONTREAL zone.
14:25 of 1st period - Off-side.
14:26 of 1st period - Elias Lindholm wins face-off versus Nathan MacKinnon in neutral zone.
14:26 of 1st period - Vladislav Gavrikov is hit by Max Pacioretty and loses puck.
14:47 of 1st period - Shot by Vincent Trocheck.
14:47 of 1st period - Stopped by Mike Smith with a rebound.
14:54 of 1st period - Nathan MacKinnon is hit by Vladislav Gavrikov and loses puck.
14:57 of 1st period - Shot by Vincent Trocheck.
14:57 of 1st period - Shot Misses the Net.
15:15 of 1st period - Icing by Vladislav Gavrikov.
15:16 of 1st period - Elias Lindholm wins face-off versus Phillip Danault in TAMPA BAY zone.
15:16 of 1st period - Elias Lindholm is hit by Nino Niederreiter.
15:51 of 1st period - Icing by Phillip Danault.
15:52 of 1st period - Phillip Danault wins face-off versus Mathew Barzal in MONTREAL zone.
15:52 of 1st period - Phillip Danault is hit by Jakob Silfverberg.
15:59 of 1st period - Minor Penalty to John Klingberg for Hooking.
16:00 of 1st period - Nathan MacKinnon wins face-off versus Robby Fabbri in TAMPA BAY zone.
17:13 of 1st period - Shot by Connor Murphy.
17:13 of 1st period - Shot Blocked by Nick Leddy.
17:27 of 1st period - Shot by Connor Murphy.
17:27 of 1st period - Shot Misses the Net.
19:01 of 1st period - Icing by Nick Leddy.
19:02 of 1st period - Phillip Danault wins face-off versus Robby Fabbri in TAMPA BAY zone.
19:24 of 1st period - Phillip Danault is hit by Jakob Silfverberg and loses puck.
19:28 of 1st period - Minor Penalty to Tomas Tatar for Cross-checking.
19:29 of 1st period - Elias Lindholm wins face-off versus Nathan MacKinnon in TAMPA BAY zone.
19:48 of 1st period - Shot by Nathan MacKinnon.
19:48 of 1st period - Stopped by Mike Smith with a rebound.
19:54 of 1st period - Shot by Tony DeAngelo.
19:54 of 1st period - Stopped by Mike Smith without a rebound.
19:55 of 1st period - Elias Lindholm wins face-off versus Phillip Danault in TAMPA BAY zone.
19:55 of 1st period - Elias Lindholm is hit by Roope Hintz.
Goals for this period are 0 for TAMPA BAY vs 0 for MONTREAL.
Shots for this period are 8 for TAMPA BAY vs 8 for MONTREAL.

2nd period


0:01 of 2nd period - Elias Lindholm wins face-off versus Nathan MacKinnon in neutral zone.
0:07 of 2nd period - Icing by P.K. Subban.
0:08 of 2nd period - Elias Lindholm wins face-off versus Nathan MacKinnon in MONTREAL zone.
0:22 of 2nd period - Icing by Vincent Trocheck.
0:23 of 2nd period - Elias Lindholm wins face-off versus Nathan MacKinnon in MONTREAL zone.
0:27 of 2nd period - Icing by P.K. Subban.
0:28 of 2nd period - Elias Lindholm wins face-off versus Nathan MacKinnon in MONTREAL zone.
0:50 of 2nd period - Shot by P.K. Subban.
0:50 of 2nd period - Stopped by Mike Smith without a rebound.
0:51 of 2nd period - Roope Hintz wins face-off versus Elias Lindholm in TAMPA BAY zone.
1:02 of 2nd period - Shot by Connor Murphy.
1:02 of 2nd period - Stopped by Mike Smith with a rebound.
1:26 of 2nd period - Shot by Alex Iafallo.
1:26 of 2nd period - Shot Misses the Net.
1:28 of 2nd period - Shot by Phillip Danault.
1:28 of 2nd period - Stopped by Mike Smith without a rebound.
1:29 of 2nd period - Nathan MacKinnon wins face-off versus Filip Chytil in TAMPA BAY zone.
1:29 of 2nd period - Vincent Trocheck is hit by MacKenzie Weegar and loses puck.
1:33 of 2nd period - Vincent Trocheck is hit by Vladislav Gavrikov.
1:38 of 2nd period - Max Pacioretty is hit by MacKenzie Weegar and loses puck.
3:49 of 2nd period - Shot by Tomas Tatar.
3:49 of 2nd period - Shot Misses the Net.
3:51 of 2nd period - Shot by Nick Leddy.
3:51 of 2nd period - Stopped by Robin Lehner without a rebound.
3:52 of 2nd period - Nathan MacKinnon wins face-off versus Sebastian Aho in MONTREAL zone.
5:00 of 2nd period - Shot by Michael Grabner.
5:00 of 2nd period - Shot Misses the Net.
5:14 of 2nd period - Icing by Tomas Tatar.
5:15 of 2nd period - Phillip Danault wins face-off versus Mathew Barzal in TAMPA BAY zone.
5:24 of 2nd period - Shot by Alex Iafallo.
5:24 of 2nd period - Stopped by Mike Smith with a rebound.
5:47 of 2nd period - Off-side.
5:48 of 2nd period - Nathan MacKinnon wins face-off versus Filip Chytil in neutral zone.
5:48 of 2nd period - Nathan MacKinnon is hit by Viktor Arvidsson.
6:06 of 2nd period - Shot by Vincent Trocheck.
6:06 of 2nd period - Stopped by Mike Smith without a rebound.
6:07 of 2nd period - Elias Lindholm wins face-off versus Mark Jankowski in TAMPA BAY zone.
6:07 of 2nd period - Elias Lindholm is hit by Joel Armia.
6:14 of 2nd period - Off-side.
6:15 of 2nd period - Nathan MacKinnon wins face-off versus Elias Lindholm in neutral zone.
6:17 of 2nd period - Off-side.
6:18 of 2nd period - Elias Lindholm wins face-off versus Nathan MacKinnon in neutral zone.
6:21 of 2nd period - Vincent Trocheck is hit by Filip Forsberg and loses puck.
6:38 of 2nd period - Shot by Sebastian Aho.
6:38 of 2nd period - Goal by Sebastian Aho - TAMPA BAY : 1 - MONTREAL : 0.
6:39 of 2nd period - Phillip Danault wins face-off versus Mathew Barzal in neutral zone.
6:42 of 2nd period - Shot by Nino Niederreiter.
6:42 of 2nd period - Stopped by Mike Smith with a rebound.
7:13 of 2nd period - Shot by Mathew Barzal.
7:13 of 2nd period - Stopped by Robin Lehner without a rebound.
7:14 of 2nd period - Max Pacioretty wins face-off versus Elias Lindholm in MONTREAL zone.
8:13 of 2nd period - Shot by Mark Jankowski.
8:13 of 2nd period - Shot Misses the Net.
9:18 of 2nd period - Shot by Phillip Danault.
9:18 of 2nd period - Stopped by Mike Smith without a rebound.
9:19 of 2nd period - Robby Fabbri wins face-off versus Nathan MacKinnon in TAMPA BAY zone.
9:19 of 2nd period - Robby Fabbri is hit by Corey Perry.
9:46 of 2nd period - Shot by Nathan MacKinnon.
9:46 of 2nd period - Shot Misses the Net.
9:48 of 2nd period - Shot by Connor Murphy.
9:48 of 2nd period - Deflect By Nathan MacKinnon.
9:48 of 2nd period - Goal by Nathan MacKinnon - TAMPA BAY : 1 - MONTREAL : 1.
9:49 of 2nd period - Mark Jankowski wins face-off versus Mathew Barzal in neutral zone.
9:49 of 2nd period - Joel Armia is hit by Tomas Tatar and loses puck.
9:54 of 2nd period - Tomas Tatar is hit by Joel Armia and loses puck.
10:21 of 2nd period - Shot by Mark Jankowski.
10:21 of 2nd period - Deflect By Joel Armia.
10:21 of 2nd period - Shot Blocked by MacKenzie Weegar.
11:09 of 2nd period - Icing by P.K. Subban.
11:10 of 2nd period - Nathan MacKinnon wins face-off versus Filip Chytil in MONTREAL zone.
11:19 of 2nd period - Shot by Nathan MacKinnon.
11:19 of 2nd period - Shot Misses the Net.
11:25 of 2nd period - Shot by Nathan MacKinnon.
11:25 of 2nd period - Deflect By Max Pacioretty.
11:25 of 2nd period - Stopped by Mike Smith without a rebound.
11:26 of 2nd period - Phillip Danault wins face-off versus Elias Lindholm in TAMPA BAY zone.
11:51 of 2nd period - Shot by Alex Iafallo.
11:51 of 2nd period - Shot Misses the Net.
12:15 of 2nd period - Off-side.
12:16 of 2nd period - Filip Chytil wins face-off versus Nathan MacKinnon in neutral zone.
12:16 of 2nd period - Filip Chytil is hit by Max Pacioretty.
12:43 of 2nd period - Shot by Nathan MacKinnon.
12:43 of 2nd period - Deflect By Vincent Trocheck.
12:43 of 2nd period - Shot Blocked by Rasmus Andersson.
12:45 of 2nd period - Shot by Connor Murphy.
12:45 of 2nd period - Shot Misses the Net.
12:47 of 2nd period - Shot by Max Pacioretty.
12:47 of 2nd period - Shot Misses the Net.
12:49 of 2nd period - Shot by Connor Murphy.
12:49 of 2nd period - Shot Blocked by Rasmus Andersson.
12:51 of 2nd period - Shot by Max Pacioretty.
12:51 of 2nd period - Goal by Max Pacioretty - TAMPA BAY : 1 - MONTREAL : 2.
12:52 of 2nd period - Mathew Barzal wins face-off versus Mark Jankowski in neutral zone.
13:03 of 2nd period - Shot by Mathew Barzal.
13:03 of 2nd period - Deflect By Tomas Tatar.
13:03 of 2nd period - Stopped by Robin Lehner without a rebound.
13:04 of 2nd period - Robby Fabbri wins face-off versus Nathan MacKinnon in MONTREAL zone.
15:45 of 2nd period - Shot by Nathan MacKinnon.
15:45 of 2nd period - Stopped by Mike Smith without a rebound.
15:46 of 2nd period - Phillip Danault wins face-off versus Filip Chytil in TAMPA BAY zone.
15:56 of 2nd period - Icing by Jesper Bratt.
15:57 of 2nd period - Nathan MacKinnon wins face-off versus Filip Chytil in TAMPA BAY zone.
16:02 of 2nd period - Shot by Max Pacioretty.
16:02 of 2nd period - Shot Misses the Net.
16:23 of 2nd period - Icing by Nathan MacKinnon.
16:24 of 2nd period - Nathan MacKinnon wins face-off versus Mathew Barzal in MONTREAL zone.
16:24 of 2nd period - Nathan MacKinnon is hit by Tomas Tatar.
17:16 of 2nd period - Shot by Phillip Danault.
17:16 of 2nd period - Stopped by Mike Smith with a rebound.
17:54 of 2nd period - Icing by Zach Werenski.
17:55 of 2nd period - Nathan MacKinnon wins face-off versus Filip Chytil in TAMPA BAY zone.
17:55 of 2nd period - Nathan MacKinnon is hit by John Klingberg.
18:07 of 2nd period - Shot by Nathan MacKinnon.
18:07 of 2nd period - Deflect By Corey Perry.
18:07 of 2nd period - Goal by Corey Perry - TAMPA BAY : 1 - MONTREAL : 3.
18:08 of 2nd period - Mark Jankowski wins face-off versus Elias Lindholm in neutral zone.
18:55 of 2nd period - Icing by P.K. Subban.
18:56 of 2nd period - Mark Jankowski wins face-off versus Filip Chytil in MONTREAL zone.
19:23 of 2nd period - Icing by Zach Werenski.
19:24 of 2nd period - Nathan MacKinnon wins face-off versus Filip Chytil in TAMPA BAY zone.
19:27 of 2nd period - Shot by Max Pacioretty.
19:27 of 2nd period - Shot Misses the Net.
19:29 of 2nd period - Shot by Nathan MacKinnon.
19:29 of 2nd period - Shot Misses the Net.
19:31 of 2nd period - Shot by Vincent Trocheck.
19:31 of 2nd period - Shot Misses the Net.
19:33 of 2nd period - Shot by Adam Larsson.
19:33 of 2nd period - Shot Misses the Net.
19:35 of 2nd period - Shot by Vincent Trocheck.
19:35 of 2nd period - Stopped by Mike Smith without a rebound.
19:36 of 2nd period - Mathew Barzal wins face-off versus Phillip Danault in TAMPA BAY zone.
19:40 of 2nd period - Off-side.
19:41 of 2nd period - Nathan MacKinnon wins face-off versus Elias Lindholm in neutral zone.
19:48 of 2nd period - Shot by Nathan MacKinnon.
19:48 of 2nd period - Stopped by Mike Smith without a rebound.
19:49 of 2nd period - Nathan MacKinnon wins face-off versus Elias Lindholm in TAMPA BAY zone.
19:57 of 2nd period - Adam Larsson is hit by Nick Leddy and loses puck.
Goals for this period are 1 for TAMPA BAY vs 3 for MONTREAL.
Shots for this period are 4 for TAMPA BAY vs 15 for MONTREAL.

3rd period


0:01 of 3rd period - Filip Chytil wins face-off versus Nathan MacKinnon in neutral zone.
0:08 of 3rd period - P.K. Subban is hit by Viktor Arvidsson.
0:14 of 3rd period - Connor Murphy is hit by Viktor Arvidsson and loses puck.
0:48 of 3rd period - Vincent Trocheck is hit by Tomas Tatar and loses puck.
0:55 of 3rd period - Shot by Tomas Tatar.
0:55 of 3rd period - Stopped by Robin Lehner without a rebound.
0:56 of 3rd period - Phillip Danault wins face-off versus Elias Lindholm in MONTREAL zone.
3:27 of 3rd period - Shot by Nino Niederreiter.
3:27 of 3rd period - Stopped by Mike Smith with a rebound.
3:29 of 3rd period - Shot by Phillip Danault.
3:29 of 3rd period - Shot Blocked by Rasmus Andersson.
3:31 of 3rd period - Shot by Phillip Danault.
3:31 of 3rd period - Stopped by Mike Smith without a rebound.
3:32 of 3rd period - Phillip Danault wins face-off versus Robby Fabbri in TAMPA BAY zone.
3:41 of 3rd period - Shot by Phillip Danault.
3:41 of 3rd period - Shot Blocked by John Klingberg.
3:43 of 3rd period - Shot by Phillip Danault.
3:43 of 3rd period - Stopped by Mike Smith without a rebound.
3:44 of 3rd period - Filip Chytil wins face-off versus Mark Jankowski in TAMPA BAY zone.
3:53 of 3rd period - Viktor Arvidsson is hit by Nathan Beaulieu and loses puck.
4:00 of 3rd period - Shot by Filip Chytil.
4:00 of 3rd period - Shot Misses the Net.
4:02 of 3rd period - Shot by Jesper Bratt.
4:02 of 3rd period - Shot Misses the Net.
4:16 of 3rd period - Shot by Jesper Bratt.
4:16 of 3rd period - Stopped by Robin Lehner without a rebound.
4:17 of 3rd period - Jakob Silfverberg wins face-off versus Phillip Danault in MONTREAL zone.
4:21 of 3rd period - Mathew Barzal is hit by Keith Yandle and loses puck.
5:13 of 3rd period - Icing by Adam Larsson.
5:14 of 3rd period - Phillip Danault wins face-off versus Robby Fabbri in MONTREAL zone.
5:49 of 3rd period - Shot by Robby Fabbri.
5:49 of 3rd period - Stopped by Robin Lehner without a rebound.
5:50 of 3rd period - Filip Chytil wins face-off versus Mark Jankowski in MONTREAL zone.
6:49 of 3rd period - Icing by John Klingberg.
6:50 of 3rd period - Filip Chytil wins face-off versus Nathan MacKinnon in TAMPA BAY zone.
7:05 of 3rd period - Off-side.
7:06 of 3rd period - Mathew Barzal wins face-off versus Phillip Danault in neutral zone.
7:15 of 3rd period - Shot by Nick Leddy.
7:15 of 3rd period - Stopped by Robin Lehner without a rebound.
7:16 of 3rd period - Jake Virtanen wins face-off versus Nathan MacKinnon in MONTREAL zone.
7:55 of 3rd period - Shot by Wayne Simmonds.
7:55 of 3rd period - Deflect By Jake Virtanen.
7:55 of 3rd period - Shot Misses the Net.
9:56 of 3rd period - Shot by Jesper Bratt.
9:56 of 3rd period - Stopped by Robin Lehner without a rebound.
9:57 of 3rd period - Nathan MacKinnon wins face-off versus Wayne Simmonds in MONTREAL zone.
10:15 of 3rd period - Shot by Nathan MacKinnon.
10:15 of 3rd period - Goal by Nathan MacKinnon - TAMPA BAY : 1 - MONTREAL : 4.
10:16 of 3rd period - Mark Jankowski wins face-off versus Mathew Barzal in neutral zone.
10:31 of 3rd period - Mathew Barzal is hit by Joel Armia and loses puck.
11:10 of 3rd period - Shot by Filip Forsberg.
11:10 of 3rd period - Stopped by Robin Lehner without a rebound.
11:11 of 3rd period - Nathan MacKinnon wins face-off versus Viktor Arvidsson in MONTREAL zone.
12:06 of 3rd period - Icing by P.K. Subban.
12:07 of 3rd period - Nathan MacKinnon wins face-off versus Elias Lindholm in MONTREAL zone.
12:48 of 3rd period - Off-side.
12:49 of 3rd period - Mark Jankowski wins face-off versus Tomas Tatar in neutral zone.
12:59 of 3rd period - Icing by Vladislav Gavrikov.
13:00 of 3rd period - Michael Grabner wins face-off versus Mathew Barzal in TAMPA BAY zone.
13:05 of 3rd period - Shot by Michael Grabner.
13:05 of 3rd period - Shot Misses the Net.
13:14 of 3rd period - Mathew Barzal is hit by Nathan Beaulieu and loses puck.
13:20 of 3rd period - Tomas Tatar is hit by Tony DeAngelo and loses puck.
13:24 of 3rd period - Tomas Tatar is hit by Tony DeAngelo and loses puck.
13:32 of 3rd period - Tony DeAngelo is hit by MacKenzie Weegar and loses puck.
13:48 of 3rd period - Major Penalty to MacKenzie Weegar for Checking from behind.
13:49 of 3rd period - Elias Lindholm wins face-off versus Phillip Danault in TAMPA BAY zone.
14:00 of 3rd period - Shot by Roope Hintz.
14:00 of 3rd period - Deflect By Phillip Danault.
14:00 of 3rd period - Stopped by Mike Smith with a rebound.
14:02 of 3rd period - Shot by Keith Yandle.
14:02 of 3rd period - Shot Blocked by Zach Werenski.
15:42 of 3rd period - Vladislav Gavrikov is hit by Roope Hintz and loses puck.
17:09 of 3rd period - Shot by Tony DeAngelo.
17:09 of 3rd period - Stopped by Mike Smith without a rebound.
17:10 of 3rd period - Mathew Barzal wins face-off versus Nino Niederreiter in TAMPA BAY zone.
17:12 of 3rd period - Minor Penalty to Corey Perry for Roughing.
17:13 of 3rd period - Elias Lindholm wins face-off versus Nathan MacKinnon in MONTREAL zone.
17:16 of 3rd period - Shot by Sebastian Aho.
17:16 of 3rd period - Deflect By Elias Lindholm.
17:16 of 3rd period - Stopped by Robin Lehner without a rebound.
17:17 of 3rd period - Elias Lindholm wins face-off versus Nathan MacKinnon in MONTREAL zone.
17:42 of 3rd period - Shot by Zach Werenski.
17:42 of 3rd period - Shot Blocked by Tony DeAngelo.
17:50 of 3rd period - Shot by Sebastian Aho.
17:50 of 3rd period - Stopped by Robin Lehner without a rebound.
17:51 of 3rd period - Sebastian Aho wins face-off versus Vincent Trocheck in MONTREAL zone.
18:45 of 3rd period - Nathan MacKinnon is hit by John Klingberg and loses puck.
18:52 of 3rd period - Shot by Zach Werenski.
18:52 of 3rd period - Stopped by Robin Lehner without a rebound.
18:53 of 3rd period - Phillip Danault wins face-off versus Mathew Barzal in MONTREAL zone.
19:20 of 3rd period - Shot by Tomas Tatar.
19:20 of 3rd period - Shot Misses the Net.
19:26 of 3rd period - Phillip Danault is hit by Jesper Bratt and loses puck.
19:55 of 3rd period - Phillip Danault is hit by MacKenzie Weegar and loses puck.
Goals for this period are 0 for TAMPA BAY vs 1 for MONTREAL.
Shots for this period are 9 for TAMPA BAY vs 6 for MONTREAL.